 Dungeon Crawl Stone Soup version 0.30.0-5-g1a98f26d00 (webtiles) character file.

Game seed: 1149131073414917617

130713 Jase the Severer (level 16, -1/152 HPs)
             Began as a Minotaur Fighter on May 10, 2023.
             Was the Champion of Nemelex Xobeh.
             Slain by a demonic crawler (8 damage)
             ... on level 3 of the Spider Nest.
             The game lasted 01:38:00 (22965 turns).

Jase the Severer (Minotaur Fighter)                Turns: 22965, Time: 01:38:02

Health: -1/152     AC: 29    Str: 30    XL:     16   Next: 53%
Magic:  25/25      EV:  5    Int:  5    God:    Nemelex Xobeh [******]
Gold:   2146       SH: 16    Dex: 12    Spells: 15/15 levels left

rFire   + . .        a - +16 obsidian axe {drain, demonic, Mesm Drain Fly SInv}
rCold   + + .        o - +0 tower shield
rNeg    . . .        R - +0 crystal plate armour "Fion" {Str+3}
rPois   .            P - +1 hat
rElec   .            A - scarf {rC+ rF+}
rCorr   .            Q - +2 pair of gloves
SInv    +            V - +2 pair of boots
Will    +....        J - amulet of regeneration Stlth
                     m - +4 ring of protection
HPRegen 1.25/turn    k - ring of protection from cold
MPRegen 0.19/turn

%: no passive effects
@: corroded, flying, mesmerised, hasted, very quick
A: horns 2, retaliatory headbutt, screaming 1
a: Renounce Religion, Draw Escape, Draw Destruction, Draw Summoning, Triple
Draw, Deal Four, Stack Five


You were on level 3 of the Spider Nest.
You worshipped Nemelex Xobeh.
Nemelex Xobeh was exalted by your worship.
You visited 5 branches of the dungeon, and saw 24 of its levels.
You also visited: Ossuary, Bailey and Ice Cave.

You collected 3526 gold pieces.
You spent 1380 gold pieces at shops.

Inventory:

Hand Weapons
 a - the +16 obsidian axe (weapon) {drain, demonic, Mesm Drain Fly SInv}
   (You found it on level 8 of the Dungeon)

   Mesm:      Its wielder is mesmerised by any visible foes, and it cannot be
   unequipped while any foes are visible.
   SInv:      It lets you see invisible.
   Fly:       It grants you flight.
   Drain:     It drains your maximum health when unequipped.
Missiles
 g - 31 poisoned darts (quivered)
 L - 4 datura-tipped darts
 S - 3 throwing nets
 W - 6 curare-tipped darts
Armour
 o - a +0 tower shield (worn)
 A - a scarf of resistance (worn)
 P - a +1 hat (worn)
 Q - a +2 pair of gloves (worn)
 R - the +0 crystal plate armour "Fion" (worn) {Str+3}
   (You acquired it on level 9 of the Dungeon)

   Str:       It affects your strength (+3).
 V - a +2 pair of boots (worn)
Jewellery
 i - a ring of protection from cold
 k - a ring of protection from cold (right hand)
 m - a +4 ring of protection (left hand)
 w - a ring of willpower
 z - a ring of fire
 J - an amulet of regeneration (around neck)
 N - a ring of fire
 X - a ring of positive energy
Wands
 c - a wand of light (5)
 q - a wand of flame (37)
 t - a wand of iceblast (19)
 B - a wand of paralysis (30)
 I - a wand of mindburst (30)
 M - a wand of polymorph (8)
Scrolls
 b - a scroll of butterflies
 f - 7 scrolls of fog
 j - a scroll of fear
 n - 11 scrolls of teleportation
 x - 2 scrolls of magic mapping
 y - 3 scrolls of blinking
 C - 3 scrolls of enchant weapon
 F - 8 scrolls of enchant armour
 G - a scroll of brand weapon
 T - a scroll of silence
Potions
 d - 4 potions of might
 e - 11 potions of curing
 l - 2 potions of mutation
 p - a potion of ambrosia
 r - 5 potions of invisibility
 s - 10 potions of haste
 u - 5 potions of attraction
 v - 2 potions of heal wounds
 D - 11 potions of flight
 H - 4 potions of magic
 K - 3 potions of cancellation
 O - 4 potions of berserk rage
 U - 2 potions of brilliance
Miscellaneous
 h - a phial of floods
 E - a phantom mirror


   Skills:
 + Level 16.6 Fighting
 - Level 17.0(18.0) Axes
 - Level 9.9(14.6) Maces & Flails
 + Level 16.6 Armour
 + Level 11.4 Shields
 + Level 14.4 Invocations


You had 15 spell levels left.
You didn't know any spells.
Your spell library contained the following spells:

 Spells                   Type           Power      Damage    Failure   Level
 Apportation              Tloc           0%         N/A       100%        1
 Beastly Appendage        Tmut           0%         N/A       100%        1
 Freeze                   Ice            0%         1d3       100%        1
 Necrotise                Necr           0%         1d4       100%        1
 Summon Small Mammal      Summ           0%         N/A       100%        1
 Ensorcelled Hibernation  Hex/Ice        0%         N/A       100%        2
 Sublimation of Blood     Necr           0%         N/A       100%        2
 Wereblood                Tmut           0%         N/A       100%        2
 Dazzling Flash           Conj/Hex       0%         N/A       100%        3
 Frozen Ramparts          Ice            0%         1d1       100%        3
 Hailstorm                Conj/Ice       0%         3d3       100%        3
 Spider Form              Tmut/Pois      0%         N/A       100%        3
 Anguish                  Hex/Necr       0%         N/A       100%        4
 Ice Form                 Ice/Tmut       0%         N/A       100%        4
 Summon Ice Beast         Ice/Summ       0%         N/A       100%        4
 Agony                    Necr           0%         N/A       100%        5
 Alistair's Intoxication  Tmut/Pois      0%         N/A       100%        5
 Silence                  Hex/Air        0%         N/A       100%        5
 Summon Forest            Summ/Tloc      0%         N/A       100%        5
 Summon Mana Viper        Hex/Summ       0%         N/A       100%        5
 Summon Cactus Giant      Summ           0%         N/A       100%        6
 Summon Hydra             Summ           0%         N/A       100%        7


Dungeon Overview and Level Annotations

Branches:
Dungeon (11/15)            Temple (0/1) D:7            Lair (5/5) D:11
  Swamp (3/4) Lair:3       Spider (3/4) Lair:3        Slime (0/5) Lair:5
    Orc (2/2) D:10            Elf (0/3) Orc:2       Ossuary (visited)
 Bailey (visited)           IceCv (visited)

Altars:
Hepliaklqana
Kikubaaqudgha
Makhleb
Nemelex Xobeh
Okawaru
Qazlal
Ru
Sif Muna
Trog
Vehumet
Zin

Shops:
D:1 :   D:4 ?=*?   Orc:2 !:?:[(*::

Annotations:
D:3 3 runed translucent doors, sirJeffrey23's ghost, amateur HOFi
D:4 4 exclusions
D:8 2 transporters, 2 runed translucent doors, 9 exclusions, thromnambular's ghost, novice OgHW
D:9 exclusion: moth of wrath
D:11 3 transporters
Swamp:3 2 transporters, Valagong's ghost, adept MiFi
Spider:2 8 exclusions
Orc:2 3 runed translucent doors, juan097's ghost, journeyman DjEE


Innate Abilities, Weirdness & Mutations

You have a pair of horns on your head.
You reflexively headbutt those who attack you in melee.
You occasionally shout uncontrollably at your foes.


Message History

Unknown command.
You slash the entropy weaver!
You are no longer entranced.
You kill the entropy weaver!
Visions of slaying the moth of wrath flood into your mind.
A torpor snail comes into view.
Being near the torpor snail leaves you feeling lethargic.
Unknown command.
You cannot move away from the moth of wrath!
As you read the scroll of fog, it crumbles to dust.
The scroll dissolves into smoke.
You feel yourself speed up.
You break out of your daze!
Visions of slaying the moth of wrath flood into your mind.
The moth of wrath goads the jumping spider on!
The jumping spider goes berserk!
The moth of wrath goads the demonic crawler on!
The demonic crawler goes berserk!
Unknown command.
You hit the jumping spider but do no damage.
You headbutt the jumping spider.
The jumping spider is lightly wounded.
Visions of slaying the jumping spider flood into your mind.
You block the jumping spider's attack. x2
The jumping spider pounces on you but does no damage.
The jumping spider bites you.
* * * LOW HITPOINT WARNING * * *
The demonic crawler hits you!
* * * LOW HITPOINT WARNING * * *
The demonic crawler hits you!
* * * LOW HITPOINT WARNING * * *
The demonic crawler barely misses you.
You feel yourself speed up.
Visions of slaying the moth of wrath flood into your mind.
The sentinel's mark upon you fades away.
You block the jumping spider's attack. x2
You block the demonic crawler's attack. The demonic crawler hits you.
* * * LOW HITPOINT WARNING * * *
The demonic crawler hits you!
You die...
Your body glows slightly and disappears.

#..##..#...#.#. .
.........w.... ..
#...†.##.. ^. #.s†#.#
) ##. ## #y..#†## ..
##...#. #.§..†.# ...
#....$§##§§...####....
#..§§ys§..........#
.......#@s§†.s†......#
#!###.^###§..^<#...^.
.... #.....#~.##.#
..........#.####
.......#s.....^#
...###.#.s##^### ..#
#.... ### ..w.


You could see a demonic crawler (berserk), a moth of wrath (mesmerising) and a
jumping spider (berserk).

Vanquished Creatures
  A golden dragon (IceCv)
  Jorgrun (Spider:1)
  Asterion (Spider:1)
  2 thorn hunters (Swamp:1)
  Donald (Swamp:1)
  2 orc warlords (Orc:2)
  2 broodmothers (Spider:1)
  3 eleionomae
  2 bunyips (Swamp:3)
  6 entropy weavers
  12 hydras
  4 ice dragons (IceCv)
  A centaur warrior (D:8)
  A catoblepas (Lair:5)
  An ogre mage (Orc:2)
  A radroach (Spider:3)
  A boulder beetle (Spider:1)
  A ghost crab (Swamp:2)
  4 alligators
  3 two-headed ogres
  An orc high priest (Bailey)
  A satyr (Lair:5)
  A holy swine (Spider:3)
  3 skysharks
  2 swamp dragons
  5 goliath frogs
  An orange crystal statue (IceCv)
  An orb spider (Spider:1)
  3 spriggan druids
  2 steelbarb worms (Spider:3)
  5 wolf spiders
  An orc knight (Bailey)
  3 manticores
  A will-o-the-wisp (Swamp:3)
  A moth of wrath (Spider:3)
  3 demonic crawlers
  A guardian serpent (Spider:3)
  A water nymph (Spider:3)
  2 black mambas
  An eye of devastation (Spider:1)
  An elephant (Spider:3)
  4 torpor snails
  18 cane toads
  5 storm dragon simulacra (IceCv)
  A gargoyle (D:11)
  A rime drake (Lair:1)
  11 komodo dragons
  7 golden dragon simulacra (IceCv)
  A kobold demonologist (Bailey)
  A merfolk (Spider:1)
  3 polar bears
  14 blink frogs
  A meliai (Lair:3)
  Prince Ribbit (D:7)
  3 hornets
  A queen bee (Spider:3)
  2 trolls
  4 tyrant leeches
  A bloated husk (Swamp:1)
  A wind drake (Spider:1)
  8 tarantellas
  7 dream sheep (Lair:3)
  17 jumping spiders
  5 culicivoras
  A shadow (D:11)
  5 spriggans (Swamp:3)
  8 wyverns
  39 yaks
  A wraith (D:11)
  A basilisk (Lair:2)
  2 steam dragons
  Grum (D:8)
  23 redbacks
  5 wargs
  10 vampire mosquitoes
  11 swamp worms
  2 harpy simulacra (Spider:2)
  8 water moccasins
  2 swamp drakes (Swamp:3)
  33 orc warriors
  3 ogres
  4 ice dragon simulacra (IceCv)
  2 black bears
  An alligator simulacrum (Spider:2)
  A sky beast (D:7)
  3 wolves (D:8)
  14 centaurs
  A phantom (D:3)
  11 bullfrogs
  3 kobold brigands
  3 gnoll sergeants
  3 scorpions
  12 wights
  10 killer bees
  4 lindwurm simulacra
  10 howler monkeys
  4 electric eels
  5 hounds
  6 orc priests
  A jelly (D:5)
  2 gnoll boudas
  5 iguanas
  16 orc wizards
  8 mummies (Ossuary)
  24 gnolls
  4 adders
  A shadow imp (D:5)
  An ufetubus (D:7)
  3 worms
  6 dart slugs
  42 orcs
  4 ball pythons
  6 bats
  9 endoplasms
  2 giant cockroaches
  22 goblins
  4 hobgoblins
  8 jackals
  4 quokkas
  2 frilled lizards (D:3)
  3 gnoll zombies (Ossuary)
  2 hobgoblin zombies (Ossuary)
  16 kobolds
  A kobold zombie (Ossuary)
  2 orc zombies (Ossuary)
  8 rats
665 creatures vanquished.

Vanquished Creatures (collateral kills)
  An eleionoma (Swamp:1)
  An ice dragon (IceCv)
  2 two-headed ogres (Orc:2)
  A hydra (Lair:5)
  A skyshark (Lair:5)
  An orb spider (Spider:1)
  2 steelbarb worms
  An orc knight (Orc:2)
  An orc sorcerer (Orc:2)
  2 wolf spiders
  A black mamba (Lair:5)
  2 demonic crawlers
  4 cane toads (Lair:5)
  2 storm dragon simulacra (IceCv)
  2 anaconda simulacra (Spider:2)
  2 polar bears
  A tarantella (Spider:2)
  4 blink frogs (Lair:5)
  A tyrant leech (Lair:3)
  4 jumping spiders
  2 spriggans
  2 culicivoras (Spider:1)
  8 yaks
  2 basilisks
  7 redbacks
  5 vampire mosquitoes
  A water moccasin (Lair:5)
  8 orc warriors
  A black bear (Lair:1)
  An ogre (Orc:2)
  3 wolves (Lair:5)
  A centaur (Orc:2)
  4 bullfrogs
  A wight (D:9)
  A killer bee (Lair:3)
  2 lindwurm simulacra
  4 electric eels
  2 orc priests
  A gnoll (Orc:2)
  5 orcs
  A goblin (Bailey)
  2 rats (D:9)
100 creatures vanquished.

Vanquished Creatures (others)
  Harold (D:9)
  A bloated husk (Swamp:3)
  8 foxfires (Swamp:3)
10 creatures vanquished.

Grand Total: 775 creatures vanquished

Notes
Turn   | Place    | Note
-------+----------+-------------------------------------------
     0 | D:1      | Jase the Minotaur Fighter began the quest for the Orb.
     0 | D:1      | Reached XP level 1. HP: 19/19 MP: 0/0
   113 | D:1      | Reached XP level 2. HP: 27/27 MP: 1/1
   380 | D:1      | Reached XP level 3. HP: 28/33 MP: 2/2
   408 | D:1      | Found Ichipn's Book Shop.
   805 | D:2      | Found a sparkling altar of Nemelex Xobeh.
   826 | D:2      | Became a worshipper of Nemelex Xobeh the Trickster
  1173 | D:3      | Found a sacrificial altar of Ru.
  1269 | D:3      | Reached XP level 4. HP: 41/41 MP: 3/3
  1506 | D:3      | Noticed a phantom
  1521 | D:3      | Killed a phantom
  1522 | D:3      | Reached skill level 1 in Invocations
  1522 | D:3      | Reached XP level 5. HP: 40/47 MP: 4/4
  1671 | D:3      | Found a runed translucent gate.
  1671 | D:3      | Noticed sirJeffrey23's ghost (amateur HOFi)
  1672 | D:3      | Found a runed translucent gate.
  1675 | D:3      | Found a runed translucent gate.
  1777 | D:4      | Noticed an ogre
  1782 | D:4      | Killed an ogre
  1783 | D:4      | Reached skill level 5 in Fighting
  1783 | D:4      | Reached skill level 5 in Armour
  1801 | D:4      | Found Cuent's Assorted Antiques.
  1803 | D:4      | Reached * piety under Nemelex Xobeh
  1803 | D:4      | Found Reenis's Magic Scroll Shop.
  1804 | D:4      | Found Ypsasuh's Jewellery Shop.
  1804 | D:4      | Found Hiete's Magic Scroll Shoppe.
  1808 | D:4      | Bought a scroll of identify for 28 gold pieces
  1815 | D:4      | Bought a scroll of noise for 14 gold pieces
  1816 | D:4      | Bought a scroll of fog for 56 gold pieces
  1829 | D:4      | Bought a scroll of identify for 28 gold pieces
  1887 | D:4      | Received a gift from Nemelex Xobeh
  1899 | D:4      | Found a sand-covered staircase.
  1908 | Ossuary  | Entered an ossuary
  1959 | Ossuary  | Reached skill level 5 in Maces & Flails
  1959 | Ossuary  | Reached XP level 6. HP: 50/56 MP: 6/6
  2271 | D:4      | Bought a scroll of identify for 28 gold pieces
  2272 | D:4      | Bought a scroll of poison for 56 gold pieces
  2272 | D:4      | Bought a scroll of blinking for 105 gold pieces
  2556 | D:4      | Received a gift from Nemelex Xobeh
  2628 | D:4      | Reached ** piety under Nemelex Xobeh
  2655 | D:5      | Entered Level 5 of the Dungeon
  2662 | D:5      | Reached XP level 7. HP: 61/61 MP: 7/7
  2688 | D:5      | HP: 3/62 [poisoned by a water moccasin]
  2952 | D:5      | Found a hazy altar of Hepliaklqana.
  3174 | D:5      | Found an ancient bone altar of Kikubaaqudgha.
  3226 | D:5      | Reached XP level 8. HP: 64/71 MP: 9/9
  3271 | D:5      | Received a gift from Nemelex Xobeh
  3292 | D:5      | Found a burning altar of Makhleb.
  3553 | D:4      | Bought a scroll of brand weapon for 133 gold pieces
  3862 | D:6      | Found a shimmering blue altar of Sif Muna.
  4009 | D:6      | Found a stormy altar of Qazlal.
  4039 | D:6      | Received a gift from Nemelex Xobeh
  4304 | D:6      | Reached *** piety under Nemelex Xobeh
  4968 | D:7      | Found a staircase to the Ecumenical Temple.
  5014 | D:7      | Noticed Prince Ribbit
  5024 | D:7      | Killed Prince Ribbit
  5025 | D:7      | Reached XP level 9. HP: 67/79 MP: 11/11
  5211 | D:7      | Received a gift from Nemelex Xobeh
  5282 | D:7      | Reached skill level 5 in Invocations
  5397 | D:7      | Received a gift from Nemelex Xobeh
  6463 | D:4      | Bought a scroll of immolation for 56 gold pieces
  6582 | D:8      | Found a transporter.
  6587 | D:8      | Noticed thromnambular's ghost (novice OgHW)
  6666 | D:8      | Found a runed translucent door.
  6667 | D:8      | Found a runed translucent door.
  6675 | D:8      | Reached **** piety under Nemelex Xobeh
  6675 | D:8      | Found a radiant altar of Vehumet.
  6706 | D:8      | Found a flagged portal.
  6718 | Bailey   | Entered a bailey
  6766 | Bailey   | Reached skill level 1 in Axes
  6769 | Bailey   | Noticed an orc knight
  6786 | Bailey   | Killed an orc knight
  6787 | Bailey   | Reached skill level 3 in Axes
  7152 | Bailey   | Reached skill level 4 in Axes
  7160 | Bailey   | Acquired 1119 gold pieces
  7375 | Bailey   | Reached XP level 10. HP: 89/90 MP: 13/13
  7428 | Bailey   | Found an iron altar of Okawaru.
  7428 | Bailey   | Noticed an orc high priest
  7447 | Bailey   | Noticed an orange demon
  7448 | Bailey   | Reached skill level 5 in Axes
  7451 | Bailey   | Killed an orc high priest
  7562 | Bailey   | Found the +6 lightning scales {swift, rElec}
  7564 | Bailey   | Received a gift from Nemelex Xobeh
  7659 | D:8      | Noticed Grum
  7666 | D:8      | Killed Grum
  7667 | D:8      | Reached skill level 6 in Axes
  7794 | D:8      | Noticed a manticore
  7799 | D:8      | Killed a manticore
  8027 | D:8      | Found a transporter.
  8124 | D:8      | Identified the +9 flail of a ziggurat {heavy, rC+ Str+3
                  | Int+2}
  8190 | D:8      | Noticed a centaur warrior
  8197 | D:8      | Killed a centaur warrior
  8198 | D:8      | Reached skill level 7 in Axes
  8399 | D:9      | Acquired the +0 crystal plate armour "Fion" {Str+3}
  8429 | D:9      | Noticed Harold
  8445 | D:9      | Noticed an orange demon
  8449 | D:9      | Noticed a two-headed ogre
  8451 | D:9      | Reached skill level 8 in Axes
  8455 | D:9      | Reached skill level 10 in Fighting
  8457 | D:9      | Killed a two-headed ogre
  8458 | D:9      | Reached skill level 10 in Armour
  8458 | D:9      | Reached XP level 11. HP: 32/99 MP: 15/15
  8469 | D:9      | Killed Harold
  8794 | D:9      | Received a gift from Nemelex Xobeh
  8802 | D:9      | Found a glowing silver altar of Zin.
  8973 | D:9      | Found a bloodstained altar of Trog.
  9002 | D:10     | Entered Level 10 of the Dungeon
  9042 | D:10     | Reached skill level 9 in Axes
  9099 | D:10     | Found a staircase to the Orcish Mines.
  9196 | D:10     | Received a gift from Nemelex Xobeh
  9259 | D:10     | a manticore changed into a swamp dragon
  9259 | D:10     | Noticed a swamp dragon
  9262 | D:10     | Killed a swamp dragon
  9982 | D:11     | Found a transporter.
 10016 | D:11     | Reached ***** piety under Nemelex Xobeh
 10018 | D:11     | Reached skill level 12 in Axes
 10018 | D:11     | Reached XP level 12. HP: 108/108 MP: 15/18
 10076 | D:11     | Received a gift from Nemelex Xobeh
 10099 | D:11     | Found a staircase to the Lair.
 10181 | D:11     | Found a transporter.
 10576 | D:11     | Found a transporter.
 10805 | Lair:1   | Entered Level 1 of the Lair of Beasts
 10805 | Lair:1   | Received a gift from Nemelex Xobeh
 10813 | Lair:1   | Reached skill level 13 in Axes
 11320 | Lair:1   | Received a gift from Nemelex Xobeh
 11513 | Lair:1   | Received a gift from Nemelex Xobeh
 12137 | Lair:2   | Reached skill level 10 in Invocations
 12246 | Lair:2   | Reached skill level 14 in Axes
 12260 | Lair:2   | Received a gift from Nemelex Xobeh
 12322 | Lair:2   | Reached XP level 13. HP: 109/116 MP: 19/19
 13326 | Lair:3   | Reached skill level 15 in Axes
 13382 | Lair:3   | Received a gift from Nemelex Xobeh
 13382 | Lair:3   | Found a hole to the Spider Nest.
 13465 | Lair:3   | Reached ****** piety under Nemelex Xobeh
 13576 | Lair:3   | Received a gift from Nemelex Xobeh
 13729 | Lair:3   | Found a staircase to the Swamp.
 13750 | Lair:3   | Received a gift from Nemelex Xobeh
 14886 | Orc:1    | Entered Level 1 of the Orcish Mines
 14913 | Orc:1    | Received a gift from Nemelex Xobeh
 14969 | Orc:2    | Entered Level 2 of the Orcish Mines
 14969 | Orc:2    | Found Beoheffi's Distillery.
 14973 | Orc:2    | Bought a potion of berserk rage for 70 gold pieces
 14997 | Orc:2    | Found a runed translucent gate.
 14997 | Orc:2    | Found a runed translucent gate.
 14997 | Orc:2    | Found a runed translucent gate.
 14998 | Orc:2    | Noticed juan097's ghost (journeyman DjEE)
 14998 | Orc:2    | Noticed a merfolk impaler
 15166 | Orc:2    | Found Bolelysu's Armour Shoppe.
 15166 | Orc:2    | Found Deriso's Book Shop.
 15168 | Orc:2    | Found Lutsid's Magic Scroll Boutique.
 15169 | Orc:2    | Found Vumy's Weapon Emporium.
 15239 | Orc:2    | Bought a scroll of teleportation for 42 gold pieces
 15239 | Orc:2    | Bought a scroll of teleportation for 42 gold pieces
 15239 | Orc:2    | Bought a scroll of teleportation for 42 gold pieces
 15251 | Orc:2    | Reached skill level 16 in Axes
 15303 | Orc:2    | Found Taturink's Book Emporium.
 15322 | Orc:2    | Found Penain's Book Emporium.
 15322 | Orc:2    | Found Diymyxt's General Store.
 15337 | Orc:2    | Bought a phial of floods for 680 gold pieces
 15391 | Orc:2    | Noticed an orc warlord
 15391 | Orc:2    | Noticed an orc warlord
 15398 | Orc:2    | Killed an orc warlord
 15399 | Orc:2    | Killed an orc warlord
 15400 | Orc:2    | Reached XP level 14. HP: 78/127 MP: 12/21
 15650 | Orc:2    | Found Voaroz's Book Boutique.
 15669 | Orc:2    | Found a staircase to the Elven Halls.
 15772 | Orc:2    | Received a gift from Nemelex Xobeh
 16088 | Orc:2    | Found an iron altar of Okawaru.
 16258 | Lair:5   | Entered Level 5 of the Lair of Beasts
 16448 | Lair:5   | Reached skill level 17 in Axes
 16459 | Lair:5   | Reached skill level 5 in Shields
 16548 | Lair:5   | Found a staircase to the Slime Pits.
 16789 | Lair:5   | Received a gift from Nemelex Xobeh
 17286 | Swamp:1  | Entered Level 1 of the Swamp
 17504 | Swamp:1  | Noticed Donald
 17526 | Swamp:1  | Killed Donald
 17536 | Swamp:1  | Noticed a thorn hunter
 17538 | Swamp:1  | Noticed a thorn hunter
 17548 | Swamp:1  | Killed a thorn hunter
 17554 | Swamp:1  | Reached XP level 15. HP: 77/139 MP: 23/23
 17554 | Swamp:1  | Killed a thorn hunter
 17926 | Swamp:2  | Received a gift from Nemelex Xobeh
 18274 | Swamp:2  | Received a gift from Nemelex Xobeh
 18834 | Swamp:3  | Reached skill level 15 in Fighting
 18838 | Swamp:3  | Reached skill level 15 in Armour
 19152 | Swamp:3  | Found a transporter.
 19175 | Swamp:3  | Found a transporter.
 19178 | Swamp:3  | Noticed Valagong's ghost (adept MiFi)
 19514 | Spider:1 | Entered Level 1 of the Spider Nest
 19952 | Spider:1 | Gained mutation: You occasionally shout uncontrollably at
                  | your foes. [a neqoxec]
 20195 | Spider:1 | Noticed Jorgrun
 20212 | Spider:1 | Killed Jorgrun
 20448 | Spider:1 | Received a gift from Nemelex Xobeh
 20600 | Spider:1 | Noticed Asterion
 20608 | Spider:1 | Killed Asterion
 20922 | Spider:2 | Received a gift from Nemelex Xobeh
 20948 | Spider:2 | Reached skill level 10 in Shields
 21084 | Spider:2 | Reached XP level 16. HP: 151/151 MP: 25/25
 21127 | Spider:2 | Found a frozen archway.
 21143 | IceCv    | Entered an ice cave
 21431 | IceCv    | Identified the +11 war axe "Dragon's Tongue" {elec, rC-
                  | Str+2 Int+3}
 21635 | IceCv    | Received a gift from Nemelex Xobeh
 21803 | IceCv    | Noticed a golden dragon
 21834 | IceCv    | Killed a golden dragon
 22330 | IceCv    | Identified the amulet "Irrezasch" {Faith Harm +Inv rF-
                  | rC++}
 22920 | Spider:3 | Received a gift from Nemelex Xobeh
 22965 | Spider:3 | HP: 7/152 [demonic crawler (6)]
 22965 | Spider:3 | Slain by a demonic crawler

Illustrated notes

Levels and vault maps discovered:
D:1:      dpeg_arrival_ratfight, layout_rooms, serial_shops,
          nicolae_book_shop_shelving
D:2:      layout_rooms, basic_altar
D:3:      layout_basic, hangedman_ru_absence, biasface_ghost_orc_armoury,
          interstate_on_off, kennysheep_generic_room_3
D:4:      layout_gridville, enter_ossuary_1, moated_statue,
          nicolae_wooded_promenade
D:5:      layout_rooms, mainiacjoe_overflow_paths,
          mainiacjoe_overflow_surrounded_room, nicolae_hepliaklqana_hazy_memory,
          grunt_ministairs_10
D:6:      layout_basic, nicolae_qazlal_general_emergency, lemuel_crystal_altar,
          serial_bayou_pond_e, hangedman_decor_lopped, minmay_misc_feat_rows
D:7:      layout_basic, minmay_temple_entry_hall, kennysheep_big_empty_room,
          uniq_prince_ribbit1
D:8:      lemuel_insect_pit, layout_loops_ring, nicolae_overflow_crystal_walls,
          gammafunk_ghost_stat_death, enter_bailey_3,
          dreamdust_deal_with_the_devil, kb_rosetta, uniq_grum
D:9:      layout_big_octagon, mainiacjoe_overflow_six_doors_small, tgw_trog,
          minivault_11, uniq_harold
D:10:     layout_loops_ring
D:11:     layout_loops_corners, lair_entry_dummy, nicolae_diode_intersection
Lair:1:   layout_cave_pods, grunt_forest_small_clearings, grunt_megastairs_1
Lair:2:   layout_roguey, lemuel_fruit_tree, infiniplex_staircase_pool
Lair:3:   layout_gridlike, minmay_swamp_entry_worms,
          hellmonk_spider_entry_not_the_bees
Lair:4:   layout_loops_ring, chequers_serial_rivers_marsh, minivault_26,
          infiniplex_staircase_pool_2, serial_bayou_shore_a, grunt_megastairs_3
Lair:5:   minmay_lair_end_frog_pond, layout_misc_corridors, slime_entry_1,
          serial_bayou_pond_e, serial_bayou_ford_a
Swamp:1:  layout_falls_marsh, evilmike_swamp_ruin_house_3, uniq_donald
Swamp:2:  layout_falls_marsh, evilmike_swamp_ruin_house_2
Swamp:3:  layout_basic_swamp, gammafunk_ghost_mausoleum,
          nicolae_swamp_ascending_descending
Spider:1: layout_spider_delve, uniq_asterion, uniq_jorgrun
Spider:2: layout_spider_delve, portal_ice_cave_entry_ice_simulacra
Spider:3: layout_spider_delve, nicolae_spider_bzzzt
Orc:1:    layout_caves
Orc:2:    st_orc_rangers, layout_caves, gammafunk_ghost_fury_of_okawaru,
          serial_shops, nicolae_shop_behind_doors, nicolae_book_shop_shelving,
          nicolae_shop_window_shopping, shop, nicolae_shop_hallway_stairs

Skill      XL: |  1  2  3  4  5  6  7  8  9 10 11 12 13 14 15 16 |
---------------+-------------------------------------------------+-----
Fighting       | 4 5 6 7 8 10 11 12 14 15 16 | 16.6
Armour         | 4 5 6 7 8 10 11 12 14 15 16 | 16.6
Maces & Flails | 3 4 5 7 9 |  9.9
Invocations    | 1 2 3 4 6 7 9 10 11 12 13 14 | 14.4
Axes           | 4 8 12 14 16 17 | 17.0
Shields        | 7 10 11 | 11.4

Action                     |  1- 3 |  4- 6 |  7- 9 | 10-12 | 13-15 | 16-18 || total
---------------------------+-------+-------+-------+-------+-------+-------++-------
  Melee: Flail             |    87 |   133 |   200 |       |       |       ||   420
         Headbutt          |     8 |    28 |    39 |    20 |   112 |    37 ||   244
         Broad axe         |       |       |    51 |   195 |   578 |   151 ||   975
  Throw: Dart              |       |       |       |       |     2 |       ||     2
 Invoke: Draw Destruction  |       |       |     6 |    11 |    35 |     3 ||    55
         Draw Summoning    |       |       |       |     1 |       |       ||     1
         Deal Four         |       |       |       |       |     1 |     1 ||     2
  Evoke: Wand              |       |       |       |       |    13 |       ||    13
    Use: Scroll            |       |    11 |     2 |    11 |     2 |     1 ||    27
         Potion            |       |       |     1 |     3 |       |     3 ||     7
   Stab: Invisible         |       |       |       |     3 |       |       ||     3
         Distracted        |       |       |       |       |     3 |     1 ||     4
 Armour: Scale mail        |    33 |       |       |       |       |       ||    33
         Chain mail        |     6 |    40 |    91 |    25 |       |       ||   162
         Crystal plate arm |       |       |       |    69 |   370 |   131 ||   570
  Dodge: Dodged            |    46 |    80 |   151 |    77 |   212 |    34 ||   600
  Block: Buckler           |    13 |    21 |    42 |    37 |    52 |       ||   165
         Kite shield       |       |       |       |       |   164 |    78 ||   242
         Tower shield      |       |       |       |       |       |    66 ||    66
